 Dungeon Crawl Stone Soup version 0.19.1 (webtiles) character file.

56 Alien the Chopper (level 3, 0/27 HPs)
             Began as a Demonspawn Wanderer on Nov 26, 2016.
             Hit by a goblin thrown by Robin (2 damage)
             ... on level 2 of the Dungeon.
             The game lasted 00:05:20 (1912 turns).

Alien the Chopper (Demonspawn Wanderer)             Turns: 1912, Time: 00:05:21

Health: 0/27       AC:  4    Str: 10    XL:     3   Next: 69%
Magic:  0/6        EV: 10    Int: 15    God:
Gold:   101        SH:  4    Dex: 13    Spells: 1 memorised, 5 levels left

rFire  . . .     SeeInvis .     e - +0 dagger
rCold  . . .     Gourm    .     d - +0 robe
rNeg   . . .     Faith    .     c - +0 buckler
rPois  .         Spirit   .     j - +0 helmet
rElec  .         Reflect  .     k - +0 cloak
rCorr  .         Harm     .     (no gloves)
MR     .....                    (no boots)
Stlth  +.........               (no amulet)
                                (no ring)
                                (no ring)

@: no status effects
A: powered by pain 1
a: no special abilities


You were on level 2 of the Dungeon.
You were hungry.

You visited 1 branch of the dungeon, and saw 2 of its levels.

You collected 101 gold pieces.

Inventory:

Hand Weapons
 e - a +0 dagger (weapon)
Armour
 c - a +0 buckler (worn)
 d - a +0 robe (worn)
 j - a +0 helmet (worn)
 k - a +0 cloak (worn)
Jewellery
 n - an uncursed amulet of inaccuracy
Scrolls
 g - a scroll of identify
 h - a scroll of enchant armour {unknown}
 i - 2 scrolls of magic mapping {unknown}
 l - a scroll of fog {unknown}
 o - a scroll of random uselessness {unknown}
Potions
 m - a potion of brilliance
Books
 a - a book of Air

   Spells                             Type                      Level
   a - Shock                          Conjuration/Air              1
   b - Swiftness                      Charms/Air                   2
   c - Repel Missiles                 Charms/Air                   2
   d - Static Discharge               Conjuration/Air              3
   e - Lightning Bolt                 Conjuration/Air              5
 b - Acet's Handbook of Calling

   Spells                             Type                      Level
   a - Summon Butterflies             Summoning                    1
   b - Recall                         Summoning/Translocation      3
Comestibles
 f - a bread ration


   Skills:
 - Level 2.0 Fighting
   Level 2.6 Axes
 - Level 1.0 Armour
 - Level 1.0 Shields
 + Level 2.3 Spellcasting
 + Level 0.6 Conjurations
 * Level 1.5 Air Magic
   Level 1.0 Earth Magic
   Level 1.0 Evocations


You had 5 spell levels left.
You knew the following spells:

 Your Spells              Type           Power        Failure   Level  Hunger
a - Shock                 Conj/Air       #...         21%         1    #......


Dungeon Overview and Level Annotations

Branches:
Dungeon (2/15)

Altars:

Annotations:
D:2 Robin


Innate Abilities, Weirdness & Mutations

You sometimes gain a little power by taking damage.


Message History

Robin closely misses you. The hobgoblin hits you with a club.
* * * LOW HITPOINT WARNING * * *
Okay, then.
Unknown command.
Casting: Shock
Confirm with . or Enter, or press ? or * to list all spells.
Okay, then.
Unknown command.
Casting: Shock
Confirm with . or Enter, or press ? or * to list all spells.
Aiming: Shock
Press: ? - help, Shift-Dir - straight line The zap misses Robin.
The zap misses the hobgoblin.
The zap hits the hobgoblin.
You kill the hobgoblin!
The zap misses the goblin. x2; Robin throws the goblin at you!
The goblin closely misses you. Robin throws the goblin at you!
The goblin hits you but does no damage. You block the goblin's attack.
Robin throws the goblin at you!
You die...

#...####.##..........#
##..## #.###)........#
#.[.## #g##).#.......#
##...##
#)##)##.......# ##...#
#.##†##########
##..###.#).#
##>.##†#.##
#.....g.#####
#####...g.@.###
##....###g..# ##
##...#....##.# ..
#####..#.####.##.#
.###................#
........###.#..######
.##.##### #.....#
.##.# #.....# .##.#
#.....#


You could see Robin and 2 goblins.

Vanquished Creatures
  A gnoll (D:2)
  An ooze (D:1)
  A dart slug (D:1)
  A leopard gecko (D:1)
  3 bats (D:1)
  2 giant cockroaches (D:1)
  8 goblins
  8 hobgoblins
  A jackal (D:1)
  5 kobolds (D:1)
  A frilled lizard (D:1)
  5 rats
37 creatures vanquished.

Notes
Turn   | Place    | Note
-------+----------+-------------------------------------------
     0 | D:1      | Alien the Demonspawn Wanderer began the quest for the Orb.
     0 | D:1      | Alien set off with: a book of Air, Acet's Handbook of Calling, a +0 buckler, a +0 robe, a +0 dagger, a bread ration
     0 | D:1      | Reached XP level 1. HP: 15/15 MP: 2/2
     0 | D:1      | Identified Acet's Handbook of Calling
     2 | D:1      | Learned a level 1 spell: Shock
   605 | D:1      | Gained mutation: You sometimes gain a little power by taking damage. [demonic ancestry]
   605 | D:1      | Reached XP level 2. HP: 21/21 MP: 4/4
  1569 | D:1      | Reached XP level 3. HP: 23/27 MP: 6/6
  1849 | D:2      | Noticed Robin
  1907 | D:2      | HP: 1/27 [hobgoblin/club[Robin] (4)]
  1912 | D:2      | Hit by a goblin thrown by Robin

Skill      XL: |  1  2 |
---------------+-------+-----
Fighting       | 2 |  2.0
Spellcasting   | 2 |  2.3
Axes           | |  2.6
Armour         | |  1.0
Shields        | |  1.0
Conjurations   | |  0.6
Air Magic      | |  1.5
Earth Magic    | |  1.0
Evocations     | |  1.0

Action                   || total
-------------------------++-------
Melee: Dagger            ||   124
 Cast: Shock             ||    21
  Use: Potion            ||     3
       Scroll            ||     2
 Stab: Sleeping          ||     1
  Eat: Chunk             ||     3
Armor: Robe              ||    38
Dodge: Dodged            ||    58
Block: Buckler           ||    31
